 Dungeon Crawl Stone Soup version 0.25-a0-1024-gbfbf38f2cb (webtiles) character file.

Game seed: 17611634827154638717, levelgen mode: deterministic

7173 wullow the Blocker (level 10, -11/79 HPs)
             Began as a Demonspawn Fighter on May 12, 2020.
             Mangled by an acid dragon (13 damage)
             ... on level 10 of the Dungeon.
             The game lasted 00:30:24 (12156 turns).

wullow the Blocker (Demonspawn Fighter)            Turns: 12156, Time: 00:30:25

Health: -11/79     AC: -2    Str: 20    XL:     10   Next: 86%
Magic:  0/10       EV:  8    Int: 10    God:
Gold:   640        SH: 13    Dex: 16    Spells: 9/9 levels left

rFire    . . .     SeeInvis .   a - +1 rapier
rCold    . . .     Gourm    .   c - +1 kite shield
rNeg     . . .     Faith    .   b - +0 scale mail
rPois    +         Spirit   +   M - +0 helmet
rElec    .         Reflect  .   F - +0 cloak (curse)
rCorr    .         Harm     +   e - +0 pair of gloves
MR       .....                  (no boots)
Stlth    ..........             G - amulet of harm
HPRegen  0.23/turn              z - +4 ring of dexterity
MPRegen  0.24/turn              v - ring of poison resistance

@: about to teleport, corroded
A: talons 2, iridescent scales 1, magic shield, magic regeneration, magic link
a: no special abilities


You were on level 10 of the Dungeon.
You were hungry.

You visited 1 branch of the dungeon, and saw 10 of its levels.

You collected 640 gold pieces.

Inventory:

Hand Weapons
 a - a +1 rapier (weapon)
 D - a +0 hunting sling
 U - a +1 scimitar of flaming
Missiles
 g - 239 stones (quivered)
 i - 378 arrows
 u - 28 poisoned darts
 E - 42 sling bullets
Armour
 b - a +0 scale mail (worn)
 c - a +1 kite shield (worn)
 e - a +0 pair of gloves (worn)
 y - a +0 tower shield
 F - a cursed +0 cloak (worn)
 M - a +0 helmet (worn)
Jewellery
 v - a ring of poison resistance (right hand)
 x - an uncursed ring of protection from magic
 z - a +4 ring of dexterity (left hand)
 G - an amulet of harm (around neck)
 K - an uncursed ring of see invisible
 O - a +1 ring of evasion
 V - an uncursed amulet of rage {unknown}
 W - an uncursed ring of protection from magic
Wands
 l - a wand of acid (5)
 s - a wand of polymorph (4)
 C - a wand of clouds (8)
 P - a wand of digging (4)
 Q - a wand of flame (14)
 Y - a wand of disintegration (16)
Scrolls
 j - 2 scrolls of amnesia
 o - 5 scrolls of teleportation
 q - 2 scrolls of magic mapping
 r - a scroll of fear
 w - 2 scrolls of remove curse
 H - a scroll of blinking
 J - a scroll of enchant weapon
 T - a scroll of fog
Potions
 d - a potion of might
 k - 2 potions of resistance
 m - a potion of mutation
 n - 2 potions of heal wounds
 p - 4 potions of stabbing
 t - 3 potions of berserk rage
 A - a potion of flight
 B - a potion of ambrosia
 I - 4 potions of curing
 L - a potion of invisibility
 N - 2 potions of brilliance
 Z - a potion of magic
Comestibles
 f - 14 rations


   Skills:
 + Level 7.5 Fighting
 * Level 9.1 Short Blades
 + Level 6.8 Armour
 * Level 9.4 Shields


You had 9 spell levels left.
You didn't know any spells.
Your spell library contained the following spells:

 Spells                   Type           Power        Failure   Level  Hunger
 Chain Lightning          Conj/Air       #.........   100%        8    #######
 Lehudib's Crystal Spear  Conj/Erth      #.........   100%        8    #######
 Absolute Zero            Ice            #.........   100%        9    #######
 Fire Storm               Conj/Fire      #.........   100%        9    #######


Dungeon Overview and Level Annotations

Branches:
Dungeon (10/15)            Temple (0/1) D:7            Lair (0/6) D:9
    Orc: D:9-12

Altars:
Gozag
Ru
Sif Muna
Wu Jian
Zin

Annotations:
D:6 3 runed translucent doors, Killmatronix's ghost, novice OpHu; Santreim's ghost, novice TrMo; Topotin's ghost, novice GnCj


Innate Abilities, Weirdness & Mutations

You have razor-sharp toenails.
You are partially covered in iridescent scales. (AC +2)
When hurt, damage is shared between your health and your magic reserves.
You regenerate magic rapidly.
When low on magic, you restore magic in place of health.


Message History

* * * LOW HITPOINT WARNING * * *
The acid corrodes you!
You are splashed with acid!
* * * LOW HITPOINT WARNING * * *
As you read the scroll of teleportation, it crumbles to dust.
You feel strangely unstable. The acid dragon bites you.
* * * LOW HITPOINT WARNING * * *
The acid dragon closely misses you.
You feel much better. The acid dragon bites you.
The acid dragon claws you but does no damage.
You puncture the acid dragon!
The acid dragon is almost dead.
The acid dragon spits acid at you. The splash of acid hits you!
* * * LOW HITPOINT WARNING * * *
The acid corrodes you!
You are splashed with acid!
* * * LOW HITPOINT WARNING * * *
You closely miss the acid dragon. Your kick misses the acid dragon.
The acid dragon is almost dead.
The acid dragon bites you!
You die...

#....#
######....###############
.........................
.........................
.......................#
........###............#
.......................#
...............###.....#.
..[.............@Dc......
#########################


You could see an acid dragon (catching breath) and a centaur.

Vanquished Creatures
  A two-headed ogre (D:10)
  Erica (D:8)
  A manticore (D:9)
  An elephant (D:9)
  3 hippogriffs
  2 basilisks (D:9)
  2 hungry ghosts (D:7)
  Duvessa (D:6)
  2 water moccasins
  4 black bears
  An ice beast (D:7)
  A sky beast (D:7)
  2 orc warriors (D:10)
  2 phantoms (D:5)
  5 ogres
  5 centaurs
  A big kobold (D:10)
  5 bullfrogs
  Dowan (D:6)
  2 wights (D:8)
  5 crimson imps
  A centaur zombie (D:10)
  2 orc priests
  3 jellies
  4 bullfrog skeletons
  A hound (D:5)
  A centaur skeleton (D:4)
  A gnoll shaman (D:10)
  Crazy Yiuf (D:4)
  An iguana (D:5)
  Ijyb (D:3)
  8 orc wizards
  12 worker ants
  2 hound skeletons
  A worker ant zombie (D:8)
  5 gnolls (D:10)
  13 adders
  3 shadow imps
  3 oozes
  2 adder zombies
  3 worms (D:2)
  5 dart slugs
  5 leopard geckos
  37 orcs
  3 giant cockroaches
  10 goblins
  7 hobgoblins
  12 jackals
  7 kobolds
  3 quokkas
  11 bats
  4 frilled lizards
  A giant cockroach zombie (D:6)
  6 rats
227 creatures vanquished.

Notes
Turn   | Place    | Note
-------+----------+-------------------------------------------
     0 | D:1      | wullow the Demonspawn Fighter began the quest for the Orb.
     0 | D:1      | Reached XP level 1. HP: 18/18 MP: 1/1
   132 | D:1      | Gained mutation: When hurt, damage is shared between your
                  | health and your magic reserves. [demonic ancestry]
   132 | D:1      | Reached XP level 2. HP: 24/24 MP: 2/2
   763 | D:1      | Gained mutation: You have sharp toenails. [demonic
                  | ancestry]
   763 | D:1      | Reached XP level 3. HP: 29/29 MP: 3/3
  1968 | D:3      | Noticed Ijyb
  1992 | D:3      | Killed Ijyb
  1992 | D:3      | Gained mutation: You regenerate magic rapidly. [demonic
                  | ancestry]
  1992 | D:3      | Reached XP level 4. HP: 33/35 MP: 2/4
  2185 | D:3      | Gained mutation: When low on magic, you restore magic in
                  | place of health. [demonic ancestry]
  2185 | D:3      | Reached XP level 5. HP: 22/41 MP: 3/5
  2909 | D:4      | Found a shimmering blue altar of Sif Muna.
  2909 | D:4      | Found a sacrificial altar of Ru.
  3094 | D:4      | Found an opulent altar of Gozag.
  3202 | D:4      | Reached XP level 6. HP: 11/48 MP: 2/6
  3669 | D:4      | Found a runed translucent door.
  3670 | D:4      | Noticed Crazy Yiuf
  3675 | D:4      | Killed Crazy Yiuf
  3780 | D:5      | Entered Level 5 of the Dungeon
  4294 | D:5      | Reached XP level 7. HP: 6/54 MP: 4/7
  4803 | D:5      | Reached skill level 5 in Shields
  4906 | D:5      | You fall into a shaft and drop 1 floor!
  5159 | D:6      | Reached skill level 5 in Short Blades
  5360 | D:6      | Gained mutation: You have razor-sharp toenails. [demonic
                  | ancestry]
  5360 | D:6      | Reached XP level 8. HP: 49/61 MP: 8/8
  5418 | D:6      | Found a runed translucent gate.
  5418 | D:6      | Found a runed translucent gate.
  5418 | D:6      | Found a runed translucent gate.
  5418 | D:6      | Noticed Santreim's ghost (novice TrMo)
  5419 | D:6      | Noticed Killmatronix's ghost (novice OpHu)
  5419 | D:6      | Noticed Topotin's ghost (novice GnCj)
  5544 | D:6      | Reached skill level 5 in Fighting
  5924 | D:6      | Noticed Duvessa
  5924 | D:6      | Noticed Dowan
  5931 | D:6      | Killed Duvessa
  5941 | D:6      | Killed Dowan
  6515 | D:7      | Reached skill level 5 in Armour
  6553 | D:7      | Reached XP level 9. HP: 60/68 MP: 7/9
  6794 | D:7      | Found a staircase to the Ecumenical Temple.
  7613 | D:8      | Noticed Erica
  7634 | D:8      | Killed Erica
  8518 | D:8      | Gained mutation: You are partially covered in iridescent
                  | scales. (AC +2) [demonic ancestry]
  8518 | D:8      | Reached XP level 10. HP: 76/77 MP: 10/10
  9551 | D:9      | Noticed an elephant
  9582 | D:9      | Found a staircase to the Lair.
  9592 | D:9      | Found an ornate altar of the Wu Jian Council.
  9962 | D:9      | Found a glowing silver altar of Zin.
 10056 | D:9      | Noticed a manticore
 10073 | D:9      | Killed an elephant
 10077 | D:9      | Killed a manticore
 10774 | D:10     | Entered Level 10 of the Dungeon
 11747 | D:10     | Noticed a two-headed ogre
 11797 | D:10     | Killed a two-headed ogre
 12153 | D:10     | HP: 2/79 [acid dragon (3)]
 12156 | D:10     | Mangled by an acid dragon

Illustrated notes

Levels and vault maps discovered:
D:1:      dpeg_arrival_tiny_a, layout_basic, minmay_crystal_water,
          minmay_hexomino_u4
D:2:      minmay_chambers_of_ones, layout_basic, grunt_ministairs_3
D:3:      layout_rooms, first_ration, hex_medium, uniq_ijyb
D:4:      layout_cave_pools, gammafunk_temple_overflow_wave,
          minmay_misc_feat_alley, nicolae_gozag_seed_capital,
          uniq_crazy_yiuf_cottage
D:5:      layout_loops_corners
D:6:      layout_basic, gammafunk_ghost_cemetery, uniq_duvessa
D:7:      layout_loops_ring, minmay_temple_entry_from_below_b
D:8:      minmay_s_stair_smasher, layout_basic, serial_rivers,
          chequers_serial_rivers_large_b, chequers_serial_rivers_marsh,
          chequers_serial_rivers_room_a, chequers_serial_rivers_room_a,
          uniq_erica
D:9:      layout_loops_ring, lemuel_round_altar, lemuel_round_altar,
          david_lair_generic
D:10:     layout_stronghold, the_bakery, grunt_decor_one_mirror

Skill      XL: |  1  2  3  4  5  6  7  8  9 10 |
---------------+-------------------------------+-----
Short Blades   | 2 3 4 5 6 7 9 |  9.1
Shields        | 3 4 5 6 8 9 |  9.4
Armour         | 3 4 5 6 |  6.8
Fighting       | 4 5 6 7 |  7.5

Action                   |  1- 3 |  4- 6 |  7- 9 | 10-12 || total
-------------------------+-------+-------+-------+-------++-------
Melee: Rapier            |   120 |   199 |   358 |   261 ||   938
       Kick              |    18 |    47 |   130 |   109 ||   304
       Unarmed           |    14 |     2 |       |       ||    16
  Use: Scroll            |       |    13 |       |    11 ||    24
       Potion            |       |     4 |     1 |     2 ||     7
  Eat: Chunk             |     3 |     8 |    17 |    11 ||    39
       Ration            |       |       |     1 |       ||     1
Armor: Scale mail        |    50 |    73 |   132 |    74 ||   329
       Skin              |     6 |     1 |       |       ||     7
Dodge: Dodged            |    39 |    55 |    82 |    68 ||   244
Block: Kite shield       |    53 |    94 |   147 |   135 ||   429

Table legend:
 A = Non-vault XP
 B = Vault XP
 C = Vault XP percentage of total XP
 D = Non-vault monster count
 E = Vault monster count
 F = Vault count percentage of total count
                 A         B        C        D         E       F
            +---------+---------+-------+---------+---------+-------
      Total |    7066 |    3182 |  31.0 |     192 |      35 |  15.4
            +---------+---------+-------+---------+---------+-------
        D:1 |      43 |       7 |  14.0 |      22 |       4 |  15.4
        D:2 |      22 |      16 |  42.1 |       6 |       7 |  53.8
        D:3 |     133 |      36 |  21.3 |      21 |       1 |   4.5
        D:4 |     136 |      40 |  22.7 |      11 |       1 |   8.3
        D:5 |     825 |       0 |   0.0 |      19 |       0 |   0.0
        D:6 |     642 |     228 |  26.2 |      20 |       2 |   9.1
        D:7 |    1555 |       0 |   0.0 |      28 |       0 |   0.0
        D:8 |     410 |    1706 |  80.6 |      15 |      16 |  51.6
        D:9 |    1301 |    1149 |  46.9 |      20 |       4 |  16.7
       D:10 |    1999 |       0 |   0.0 |      30 |       0 |   0.0
            +---------+---------+-------+---------+---------+-------
